AoeStats
← fermaho12

Arena

510568228Analyzed
1v1 RM · 1d ago on Oct 1, 2026· 56m 20s· 2 players
Game mode
Random Map
Map size
Tiny (2 player)
Population
200
Speed
Normal
Resources
Standard
Victory
Conquest
Starting age
Dark Age
Ending age
Imperial Age
RankedLock teamsTeams togetherTeam positionsShared explorationLock speedFull tech treeHidden civsTurbo modeCheats
Victory
Defeat
🇧🇴 Franks · Bolivia
1060
+17
🇰🇬 Byzantines · Kyrgyzstan
1083
-17
fermaho12
11:33 Feudal Age
13:11 Loom
16:23 Castle Age
14:29 Double-Bit Axe
19:46 Bow Saw
24:26 Scale Mail Armor
25:10 Town Watch
31:57 Wheelbarrow
34:04 Imperial Age
33:09 Forging
33:47 Chain Mail Armor
33:25 Fletching
33:41 Crossbowman
35:28 Hand Cart
35:22 Bodkin Arrow
36:21 Conscription
36:27 Conscription
36:36 Gold Mining
38:36 Cranequins
39:30 Squires
41:14 Chemistry
40:34 Ballistics
41:59 Cavalier
42:39 Husbandry
42:57 Chivalry
43:15 Elite Skirmisher
44:22 Padded Archer Armor
44:38 Chain Mail Armor
44:58 Iron Casting
44:32 Scale Barding Armor
45:18 Town Patrol
46:24 Pikeman
47:39 Chain Barding Armor
47:55 Iron Casting
48:30 Gold Shaft Mining
47:48 Stone Mining
48:38 Capped Ram
50:25 Halberdier
51:59 Plate Barding Armor
52:17 Paladin
54:15 Leather Archer Armor
Alper
12:04 Feudal Age
16:19 Castle Age
14:33 Horse Collar
15:06 Double-Bit Axe
17:12 Wheelbarrow
22:47 Gold Mining
23:43 Hand Cart
23:49 Loom
30:00 Imperial Age
30:05 Elite Skirmisher
32:07 Fletching
32:17 Scale Mail Armor
32:18 Padded Archer Armor
32:28 Forging
32:23 Scale Barding Armor
32:05 Treadmill Crane
32:43 Bow Saw
33:58 Ballistics
33:52 Capped Ram
35:15 Heavy Plow
35:14 Bodkin Arrow
35:34 Leather Archer Armor
35:55 Iron Casting
35:35 Chain Mail Armor
36:43 Chemistry
35:59 Murder Holes
36:14 Capped Ram
37:53 Ring Archer Armor
40:03 Siege Ram
40:56 Guard Tower
44:47 Light Cavalry
46:41 Heavy Camel Rider
47:41 Squires
48:10 Heavy Camel Rider
48:22 Pikeman
50:58 Scale Barding Armor
Connection lost

Rejoining the realm…

Still unreachable

The connection could not be restored.

Session expired

The server has moved on; the page needs a fresh start.